AoeStats
← UF_KILL

Coastal Forest

510451533Analyzed
2v2 RM · 11h ago on Oct 1, 2026· 55m 14s· 4 players
Game mode
Random Map
Map size
Medium (4 player)
Population
200
Speed
Normal
Resources
Standard
Victory
Conquest
Starting age
Dark Age
Ending age
Imperial Age
RankedLock teamsTeams togetherTeam positionsShared explorationLock speedFull tech treeHidden civsTurbo modeCheats
Victory
Defeat
🇨🇦 Magyars · Canada
460
+17
🇨🇦 Malay · Canada
430
+18
🇧🇷 Persians · Brazil
502
-18
🇷🇺 Bohemians · Russia
460
-17
DonHisHead
11:08 Feudal Age
10:42 Horse Collar
11:43 Loom
13:32 Double-Bit Axe
16:56 Fishing Lines
21:28 Man-at-Arms
24:38 Castle Age
24:59 Husbandry
24:23 Long Swordsman
25:34 Squires
26:35 Gold Mining
26:36 Stone Mining
27:01 Bow Saw
29:07 Arson
29:43 Forging
29:39 Scale Barding Armor
32:46 Wheelbarrow
36:49 Iron Casting
40:06 Imperial Age
39:35 Capped Ram
39:38 Heavy Scorpion
42:22 Blast Furnace
42:31 Elite Karambit Warrior
42:40 Two-Handed Swordsman
50:04 Elite Battle Elephant
mathewmelo2215
12:00 Feudal Age
14:50 Double-Bit Axe
15:58 Wheelbarrow
17:02 Bloodlines
17:08 Scale Barding Armor
22:03 Castle Age
25:48 Chain Barding Armor
27:22 Light Cavalry
28:03 Husbandry
37:39 Corvinian Army
40:54 Imperial Age
38:46 Hand Cart
42:19 Plate Barding Armor
41:08 Elite Magyar Huszar
49:54 Hussar
UF_KILL
13:49 Feudal Age
14:12 Double-Bit Axe
14:10 Horse Collar
15:17 Wheelbarrow
15:47 Gold Mining
15:48 Stone Mining
23:36 Castle Age
22:18 Man-at-Arms
22:45 Arson
24:11 Long Swordsman
24:11 Pikeman
24:52 Squires
24:37 Gambesons
25:11 Bow Saw
29:14 Heavy Plow
29:54 Gold Shaft Mining
29:55 Stone Shaft Mining
28:52 Crossbowman
30:22 Forging
30:13 Scale Mail Armor
33:47 Hand Cart
34:43 Elite Skirmisher
35:29 Thumb Ring
35:51 Parthian Tactics
35:21 Fletching
37:21 Coinage
37:03 Padded Archer Armor
37:37 Caravan
40:55 Leather Archer Armor
40:36 Bodkin Arrow
42:39 Kamandaran
43:39 Iron Casting
43:20 Chain Mail Armor
43:12 Scale Barding Armor
46:13 Ballistics
51:30 Imperial Age
50:25 Masonry
50:12 Murder Holes
52:20 Crop Rotation
52:56 Two-Man Saw
52:31 Plate Mail Armor
53:02 Blast Furnace
52:33 Ring Archer Armor
53:35 Chemistry
54:51 Elite War Elephant
Yakudzzza
0:51 Loom
11:47 Feudal Age
13:08 Wheelbarrow
12:19 Town Watch
12:17 Horse Collar
12:28 Double-Bit Axe
25:30 Castle Age
23:44 Forging
23:36 Scale Mail Armor
25:31 Fletching
25:26 Horse Collar
26:30 Hand Cart
26:17 Town Patrol
27:01 Bodkin Arrow
28:48 Heavy Plow
29:04 Bow Saw
30:59 Pikeman
31:39 Squires
33:27 Ballistics
33:19 Masonry
40:27 Imperial Age
39:30 Chemistry
40:32 Wagenburg Tactics
41:37 Bracer
42:15 Iron Casting
42:20 Siege Engineers
43:43 Two-Man Saw
45:10 Murder Holes
48:12 Architecture
47:28 Arrowslits
53:22 Fishing Lines
Connection lost

Rejoining the realm…

Still unreachable

The connection could not be restored.

Session expired

The server has moved on; the page needs a fresh start.